Match 42369640
Unlisted

Match 42369640
End
Construct Section Command Post
Vickers Machine Gun Team
Selects Heavy Armor Battlegroup
Infantry Section
Infantry Section
Vickers Machine Gun Team
ML 3-inch Mortar Team
Selects Light Vehicle Withdraw and Refit
Construct Field Infirmary
Vickers Machine Gun Team
Sunday Driver
Dolph
KevinTDW
電競紅茶
0
0

Comments sign in to comment!

No comments posted yet!